 Dungeon Crawl Stone Soup version 0.30-a0-920-g7493c07aab (webtiles) character file.

Game seed: 18326340476425218324

222323 Flugkiller the Ripper (level 18, 1/90 HPs)
             Began as a Felid Venom Mage on Mar 22, 2023.
             Was the Champion of Ashenzari.
             Quit the game on level 2 of the Vaults.
             The game lasted 01:41:53 (54553 turns).

Flugkiller the Ripper (Felid Venom Mage)           Turns: 54553, Time: 01:41:53

Health: 1/90       AC: 20    Str:  8    XL:     18   Next: 9%
Magic:  27/34      EV: 43    Int: 19    God:    Ashenzari [******]
Gold:   3713       SH:  0    Dex: 24    Spells: 2/39 levels left
                                        Lives:  0   Deaths: 5

rFire   . . .      SeeInvis +      - Unarmed
rCold   . . .      Faith    .    (shield unavailable)
rNeg    . . .      Spirit   .    (body armour unavailable)
rPois   ∞          Reflect  .    (helmet unavailable)
rElec   +          Rampage  .    (cloak unavailable)
rCorr   .          Clarity  +    (gloves unavailable)
Will    ++...                    (boots unavailable)
Stlth   ++++                     v - amulet of Ashenzari's Suspicion {RegenMP, Elem, Bglg} (curse)
HPRegen 0.35/turn                b - ring "Manifest Heresy" {AC+4, Bglg, Elem} (curse)
MPRegen 0.64/turn                x - ring of the Profound Yoke {Dex+6, Cun, Alch} (curse)

@: storm-form, marked, flying, very slightly contaminated, unable to read
A: cleaving, insubstantial, flying, very small, (claws 1), (fangs 3), see
invisible, (speed 1), (shaggy fur 3), (stealthy paws), no weapons or thrown
items, no armour, multi-lived, dopey 1, strong 1, inability to read after injury
1
}: 2/15 runes: decaying, serpentine
a: Blinkbolt, End Transformation, Renounce Religion, Shatter the Chains


You were on level 2 of the Vaults.
You worshipped Ashenzari.
Ashenzari was exalted by your worship.
You were a lightning-filled tempest!
You visited 7 branches of the dungeon, and saw 35 of its levels.
You also visited: Sewer and Gauntlet.

You collected 4360 gold pieces.
You spent 647 gold pieces at shops.

Inventory:

Jewellery
 b - the cursed ring "Manifest Heresy" (left paw) {AC+4, Bglg, Elem}
   (You found it on level 2 of the Dungeon)

   [ring of protection]

   AC:        It affects your AC (+4).
   It has a curse which improves the following skills: Beguiling: Conjurations,
   Hexes and Translocations.
   Elements:  Fire Magic, Ice Magic, Air Magic and Earth Magic.
 i - the amulet "Vetubol" {Regen+ Dex+3 SInv}
   (You acquired it on level 2 of the Elven Halls)

   [amulet of regeneration]

   Dex:       It affects your dexterity (+3).
   SInv:      It lets you see invisible.
   Regen:     It increases your rate of health regeneration.
 j - a +4 ring of slaying
   (You took it off a deep elf demonologist on level 3 of the Elven Halls)
 m - a ring of willpower
   (You found it on level 5 of the Lair of Beasts)
 p - a ring of protection from cold
   (You found it on level 2 of the Vaults)
 v - the cursed amulet of Ashenzari's Suspicion (around neck) {RegenMP, Elem, Bglg}
   (You found it on level 7 of the Dungeon)

   [amulet of magic regeneration]

   It increases your rate of magic regeneration.
   It has a curse which improves the following skills: Elements: Fire Magic, Ice
   Magic, Air Magic and Earth Magic.
   Beguiling: Conjurations, Hexes and Translocations.
 x - the cursed ring of the Profound Yoke (right paw) {Dex+6, Cun, Alch}
   (You found it on level 8 of the Dungeon)

   [ring of dexterity]

   Dex:       It affects your dexterity (+6).
   It has a curse which improves the following skills: Cunning: Dodging and
   Stealth.
   Alchemy:   Poison Magic and Transmutations.
 C - the ring of Pride {Fly rC++}
   (You found it in a Gauntlet)

   [ring of flight]

   rC:        It greatly protects you from cold.
   Fly:       It grants you flight.
 G - a ring of fire
   (You found it on level 3 of the Swamp)
 P - a +6 ring of dexterity
   (You took it off a naga on level 4 of the Snake Pit)
Wands
 c - a wand of mindburst (18)
   (You found it in a sewer)
 g - a wand of roots (8)
   (You found it on level 4 of the Snake Pit)
 A - a wand of charming (16)
   (You took it off Harold on level 9 of the Dungeon)
 K - a wand of quicksilver (17)
   (You took it off Maurice on level 13 of the Dungeon)
 Q - a wand of digging (8)
   (You found it on level 1 of the Swamp)
Scrolls
 f - 2 scrolls of fog
 k - 2 scrolls of immolation
 l - 6 scrolls of vulnerability
 t - 9 scrolls of teleportation
 y - 6 scrolls of poison
 z - a scroll of blinking
 D - 5 scrolls of magic mapping
 L - 2 scrolls of butterflies
 N - 3 scrolls of amnesia
 O - 3 scrolls of fear
 R - 6 scrolls of silence
Potions
 a - 4 potions of magic
 d - 3 potions of might
 e - 4 potions of ambrosia
 h - 4 potions of haste
 n - 2 potions of resistance
 q - 12 potions of curing
 r - a potion of cancellation
 w - 6 potions of heal wounds
 F - a potion of invisibility
 H - 3 potions of berserk rage
 J - 5 potions of brilliance
Miscellaneous
 B - a condenser vane
   (You found it on level 12 of the Dungeon)
 E - a lightning rod (4/4)
   (You found it in a Gauntlet)
 M - a tin of tremorstones (2/2)
   (You found it on level 1 of the Snake Pit)


   Skills:
 + Level 15.7 Fighting
 + Level 15.6(18.0) Dodging
 - Level 4.0(6.2) Stealth
 * Level 18.0 Unarmed Combat
 - Level 11.0 Spellcasting
 - Level 3.8(7.0) Conjurations
 - Level 8.3(12.0) Translocations
 - Level 14.6(17.0) Transmutations
 - Level 3.8(7.0) Fire Magic
 - Level 3.9(7.1) Ice Magic
 - Level 13.4(17.0) Air Magic
 - Level 6.4(9.0) Poison Magic
 - Level 5.0 Evocations


You had 2 spell levels left.
You knew the following spells:

 Your Spells              Type           Power      Damage    Failure   Level
a - Plasma Beam           Fire/Air       27%        2x1d43    1%          5
c - Mephitic Cloud        Conj/Pois/Air  51%        N/A       1%          3
d - Olgreb's Toxic Radia  Pois           44%        N/A       1%          4
e - Summon Lightning Spi  Summ/Air       42%        N/A       1%          4
f - Freezing Cloud        Conj/Ice/Air   25%        6-21      2%          5
g - Storm Form            Tmut/Air       33%        N/A       5%          7
h - Manifold Assault      Tloc           54%        N/A       1%          4
i - Irradiate             Conj/Tmut      27%        3d20      1%          5

Your spell library contained the following spells:

 Spells                   Type           Power      Damage    Failure   Level
 Wereblood                Tmut           66%        N/A       0%          2
 Foxfire                  Conj/Fire      100%       2x1d9     1%          1
 Freeze                   Ice            100%       1d10      1%          1
 Kiss of Death            Conj/Necr      92%        2d12      1%          1
 Magic Dart               Conj           100%       1d8       1%          1
 Shock                    Conj/Air       100%       1d9       1%          1
 Sting                    Tmut/Pois      100%       1d8       1%          1
 Blink                    Tloc           100%       N/A       1%          2
 Cigotuvi's Dreadful Rot  Necr/Pois/Air  86%        N/A       1%          2
 Lesser Beckoning         Tloc           100%       N/A       1%          2
 Momentum Strike          Conj/Tloc      92%        3d10      1%          2
 Passwall                 Tmut/Erth      35%        N/A       1%          2
 Poisonous Vapours        Pois/Air       100%       N/A       1%          2
 Searing Ray              Conj           74%        2d7       1%          2
 Static Discharge         Conj/Air       100%       2-7/arc   1%          2
 Sublimation of Blood     Necr           10%        N/A       10%         2
 Frozen Ramparts          Ice            74%        1d12      1%          3
 Gell's Gravitas          Tloc           54%        N/A       1%          3
 Hailstorm                Conj/Ice       37%        3d9       1%          3
 Ignite Poison            Fire/Tmut/Pois 51%        N/A       1%          3
 Ozocubu's Armour         Ice            37%        N/A       1%          3
 Spider Form              Tmut/Pois      56%        N/A       1%          3
 Swiftness                Air            66%        N/A       1%          3
 Teleport Other           Tloc           54%        N/A       1%          3
 Vhi's Electric Charge    Tloc/Air       100%       N/A       1%          3
 Airstrike                Air            33%        2d(5-21)  1%          4
 Ice Form                 Ice/Tmut       54%        N/A       1%          4
 Iskenderun's Mystic Bla  Conj/Tloc      46%        2d10      1%          4
 Passage of Golubria      Tloc           54%        N/A       1%          4
 Petrify                  Tmut/Erth      43%        N/A       1%          4
 Alistair's Intoxication  Tmut/Pois      37%        N/A       1%          5
 Arcjolt                  Conj/Air       27%        1d37      1%          5
 Blade Hands              Tmut           33%        N/A       1%          5
 Sticky Flame             Conj/Fire      37%        2d6       3%          4
 Dazzling Flash           Conj/Hex       48%        N/A       4%          3
 Silence                  Hex/Air        21%        N/A       4%          5
 Eringya's Noxious Bog    Tmut/Pois      28%        N/A       4%          6
 Dragon Form              Tmut           33%        N/A       5%          7
 Dispersal                Tloc           27%        N/A       8%          6
 Fireball                 Conj/Fire      18%        3d9       10%         5
 Iskenderun's Battlesphe  Conj           37%        2d9       10%         5
 Fulminant Prism          Conj/Hex       12%        3d9       14%         4
 Confusing Touch          Hex            12%        N/A       16%         3
 Summon Ice Beast         Ice/Summ       24%        N/A       16%         4
 Call Canine Familiar     Summ           10%        N/A       21%         3
 Statue Form              Tmut/Erth      28%        N/A       28%         6
 Metabolic Englaciation   Hex/Ice        12%        N/A       36%         5
 Maxwell's Capacitive Co  Air            33%        ∞         38%         8
 Leda's Liquefaction      Hex/Erth       6%         N/A       47%         4
 Starburst                Conj/Fire      18%        6d7       50%         6
 Animate Dead             Necr           10%        N/A       54%         4
 Dispel Undead            Necr           10%        3d9       54%         4
 Agony                    Necr           10%        N/A       88%         5
 Iron Shot                Conj/Erth      12%        9d3       91%         6
 Simulacrum               Ice/Necr       12%        N/A       93%         6
 Ozocubu's Refrigeration  Ice            18%        4d11      96%         7
 Disjunction              Tloc           27%        N/A       97%         8
 Malign Gateway           Summ/Tloc      16%        N/A       99%         7
 Death Channel            Necr           5%         N/A       100%        6
 Haunt                    Necr/Summ      5%         N/A       100%        7
 Spellforged Servitor     Conj/Summ      11%        N/A       100%        7
 Summon Hydra             Summ           5%         N/A       100%        7
 Infestation              Necr           5%         N/A       100%        8
 Lehudib's Crystal Spear  Conj/Erth      12%        10d4      100%        8
 Summon Horrible Things   Summ           5%         N/A       100%        8
 Chain Lightning          Conj/Air       27%        3d36      100%        9
 Portal Projectile        Hex/Tloc       Unusable   N/A       N/A         3

Dungeon Overview and Level Annotations

Branches:
Dungeon (15/15) Zot: 24578  Temple (0/1) D:7            Lair (5/5) D:11 Zot: 22804
  Swamp (4/4) Lair:3 Zot: 25699   Snake (4/4) Lair:2 Zot: 15706   Slime (0/5) Lair:5
    Orc (2/2) D:12 Zot: 9938     Elf (3/3) Orc:2 Zot: 20989  Vaults (2/5) D:14 Zot: 8978
 Depths (0/4) D:15          Sewer (visited)         Gauntlet (visited)
  Crypt: Vaults:2-3

Altars:
Ashenzari
Gozag
Hepliaklqana
Kikubaaqudgha
Nemelex Xobeh
Qazlal
Vehumet
Wu Jian
Zin
The Shining One
Jiyva
Lugonu

Shops:
D:1 (   D:5 *   D:6 !*   D:7 ?:(   Orc:1 [   Orc:2 [[[[   Elf:1 (([!(
Snake:1 [   Vaults:1 (

Portals:
Abyss: Lair:5

Annotations:
D:5 5 runed translucent doors, exclusion: water moccasin
D:7 exclusion: steam dragon
D:10 3 runed translucent doors, Mesmaeker13's ghost, journeyman OpTm; ywein's ghost, journeyman DjCj
Lair:1 2 transporters
Snake:2 Saint Roka
Elf:2 3 runed translucent doors


Innate Abilities, Weirdness & Mutations

You are a lightning-filled tempest!
Your electrical attacks strike out in all directions at once.
You are incredibly evasive.
Your insubstantial body is immune to petrification, constriction, and being set on fire You are flying.
You are immune to poison.
((You have sharp claws.))
((You have razor-sharp teeth.))
You have supernaturally acute eyesight. (SInv)
((You cover ground quickly. (Speed+)))
((Your thick and shaggy fur keeps you warm. (AC +3, rC+)))
((Your paws help you pounce on unaware monsters.))
You are incapable of wielding weapons or throwing items.
You cannot wear armour.
You gain extra lives every three experience levels.
You are dopey. (Int -2)
Your muscles are strong. (Str +4, Int/Dex -1)
You occasionally lose the ability to read scrolls when taking damage.


Message History

Found a stone staircase leading down.
Found a scroll of identify.
Unknown command.
An ironbound convoker comes into view.
It is wielding a +0 dire flail and wearing a +2 ring mail of positive energy.
An ironbound convoker is nearby!
An ironbound convoker is nearby!
Unknown command.
You pounce on the unaware helpless ironbound convoker!
You eviscerate the ironbound convoker!!!!
You kill the ironbound convoker!
No target in view!
Things that are here:
a +0 dire flail; a +2 ring mail of positive energy No target in view!
You open the door.
Found a stone staircase leading down.
No target in view!
There is an open door here.
As you open the door, it creaks loudly!
Found 36 gold pieces.
There is an open door here.
Your magical contamination has completely faded away.
You now have 3713 gold pieces (gained 36).
You open the door.
A vault warden comes into view. It is wielding a +3 vampiric war axe.
Casting: Storm Form (dangerous; 5% risk of failure)
Confirm with . or Enter, or press ? or * to list all spells.
You turn into a lightning-filled tempest!
You hear a shout!
The vault warden shouts!
The vault warden activates a sealing rune.
A door slams shut!
A wizard comes into view. It is wielding a +0 dagger of freezing.
You hear a shout! 2 lindwurms come into view.
The lindwurm roars! x2
A great orb of eyes comes into view.
There is an open door here.
You barely miss the wizard.
The great orb of eyes turns its gaze towards you.
You punch the wizard!
The wizard is moderately wounded.
An ironbound convoker comes into view. It is wielding a +0 dire flail.
The wizard completely misses you.
You batter the wizard!!
The wizard is severely wounded.
You blast the wizard!!!
Lightning courses through the wizard!
You kill the wizard!
The vault warden activates a sealing rune.
A door slams shut!
You are pushed out of the doorway!
Found a potion of mutation.
The vault warden hits you with a +3 vampiric war axe.
You hit the lindwurm but do no damage. You batter the vault warden!!
The vault warden hits you with a +3 vampiric war axe!!
The ironbound convoker begins to recite a word of recall!
The lindwurm completely misses you. x2; The lindwurm claws you.
The lindwurm sets off the alarm!
The alarm trap emits a blaring wail!
A sentinel's mark forms upon you.
You hit the vault warden.
You punch the vault warden, but do no damage.
The vault warden is moderately wounded.
You batter the lindwurm!! x2; You buffet the great orb of eyes!
You hit the lindwurm.
The lindwurm is heavily wounded.
You completely miss the vault warden. You batter the lindwurm!!
Lightning courses through the lindwurm!
You kill the lindwurm!
You buffet the great orb of eyes!
The great orb of eyes bites you! The lindwurm completely misses you.
The lindwurm misses you. The lindwurm completely misses you.
The vault warden hits you with a +3 vampiric war axe.
You are too injured to fight recklessly!
Unknown command.
Casting: Storm Form (dangerous; 5% risk of failure)
Confirm with . or Enter, or press ? or * to list all spells.
You erupt in a fountain of uncontrolled magic!
The great orb of eyes is blasted with magical radiation!!
The great orb of eyes is almost dead.
The vault warden is blasted with magical radiation!!
The vault warden is severely wounded.
The lindwurm is blasted with magical radiation!!
You kill the lindwurm!
You are very lightly contaminated with residual magic.
The great orb of eyes is recalled.
The yaktaur is recalled.
The naga mage is recalled.
The tengu reaver is recalled.
The wizard is recalled. x2; The ufetubus is recalled.
An ufetubus comes into view.
A wizard comes into view. It is wielding a +0 dagger.
A yaktaur comes into view.
A great orb of eyes comes into view.
A wizard comes into view. It is wielding a +0 dagger.
The great orb of eyes completely misses you.
The vault warden hits you with a +3 vampiric war axe!!
You feel threatened and lose the ability to read scrolls!
* * * LOW HITPOINT WARNING * * *
A naga mage comes into view. It is wielding a +0 flail.
The tengu reaver hits you from afar with a glowing glaive!!
* * * LOW HITPOINT WARNING * * *
A tengu reaver comes into view. It is wielding a +3 glaive.
Unknown command.
Are you sure you want to abandon this character and quit the game? (Confirm with "yes".)

#..... ########
#...#. #......#
#...## #......#
###### #.....
#......# #.....#*
#.....
#......###....... *
###...
#......##N...5...,*
#.#... ####
#......+)†pp.p..! ,
#.#..# ...#
#......##vGcp....
#.###. ...#
#......###GQ..... *
#.....
...#######+####
#.....# ######
..)'.......# ######
#..#.......# ###
##.#..>....# #.##
#..#.......# #..##
?..#.......# ##..##
...#.......# ##..##


You could see a vault warden, a tengu reaver, 2 great orbs of eyes, an ironbound
convoker (catching breath), a yaktaur, 2 wizards, a naga mage and an ufetubus.

Vanquished Creatures
  Mara (Swamp:4)
  the Lernaean hydra (Swamp:4)
  Vashnia (Snake:4)
  Nikola (Vaults:2)
  Zenata (Elf:3)
  Mlioglotl (Swamp:3)
  2 deep elf blademasters (Elf:3)
  2 deep elf master archers (Elf:3)
  Gastronok (D:9)
  3 thorn hunters
  Frances (Snake:2)
  Agnes (Snake:2)
  8 nagarajas
  Roxanne (Snake:4)
  7 deep elf sorcerers
  Aizul (Snake:4)
  2 orc warlords
  Louise (Elf:3)
  2 deep elf elementalists (Elf:3)
  A very ugly thing (Vaults:1)
  9 ironbound preservers
  A war gargoyle (Vaults:2)
  5 deep elf demonologists (Elf:3)
  4 ironbound thunderhulks
  2 deep elf annihilators (Elf:3)
  2 bunyips (Swamp:4)
  4 eleionomae
  A minotaur (Gauntlet)
  5 dire elephants (Vaults:2)
  7 deep elf death magi
  4 yaktaur captains
  3 deep elf high priests
  A peacekeeper (Vaults:2)
  Fannar (D:12)
  An entropy weaver (Vaults:1)
  A great orb of eyes (Vaults:2)
  2 ice dragons (D:15)
  18 hydras
  Harold (D:9)
  2 ironbound frosthearts
  9 centaur warriors
  An ogre mage (D:15)
  A catoblepas (Lair:4)
  5 boulder beetles
  3 anacondas
  10 two-headed ogres
  6 alligators
  16 naga warriors
  A tengu warrior (Gauntlet)
  7 shock serpents
  8 dancing weapons
  3 orc high priests
  Urug (Orc:1)
  16 naga sharpshooters
  3 thrashing horrors (Lair:5)
  6 deep elf knights
  8 spriggans
  3 skeletal warriors (D:15)
  4 goliath frogs
  5 salamander mystics
  A death drake (Swamp:2)
  2 spriggan druids
  A glowing orange brain (Vaults:1)
  16 deep trolls
  18 swamp dragons
  4 deep elf archers
  6 bog bodies
  6 naga ritualists
  8 ironbound convokers
  6 wizards
  6 orc knights
  12 deep elf zephyrmancers
  2 necromancers
  7 lindwurms
  19 deep elf pyromancers
  3 mana vipers (Snake:1)
  3 manticores
  A cyclops (shapeshifter) (Elf:1)
  8 orc sorcerers
  4 cyclopes
  7 will-o-the-wisps
  7 salamanders
  25 ugly things
  Maurice (D:13)
  11 vault sentinels
  27 black mambas
  A guardian serpent (Lair:2)
  11 elephants
  16 naga magi
  3 unseen horrors
  13 cane toads
  An elf zombie (Vaults:1)
  9 yaktaurs
  4 rime drakes
  12 komodo dragons
  2 tengu conjurers (Gauntlet)
  An ancient zyme (Lair:5)
  11 trolls
  3 polar bears
  2 large abominations (Lair:5)
  3 meliai (D:14)
  8 hornets
  Prince Ribbit (D:6)
  15 tyrant leeches
  23 blink frogs
  Grinder (D:4)
  7 dream sheep
  Sigmund (D:2)
  17 slime creatures
  A centaur simulacrum (D:15)
  A jumping spider (Vaults:1)
  2 wraiths
  A yak (shapeshifter) (Lair:5)
  2 water elementals
  An air elemental (Elf:1)
  5 wyverns
  3 ynoxinuls (Lair:5)
  A fire elemental (Elf:1)
  2 steam dragons
  23 yaks
  Eustachio (D:4)
  2 basilisks
  2 chaos spawn (Lair:5)
  A death yak simulacrum (D:12)
  14 vampire mosquitoes
  39 nagas
  2 wargs (Orc:2)
  18 swamp worms
  A floating eye (shapeshifter) (Lair:5)
  8 water moccasins
  6 swamp drakes (Swamp:4)
  A glowing shapeshifter skeleton (Vaults:1)
  45 orc warriors
  2 black bears
  2 ice beasts
  A sky beast (D:6)
  8 wolves
  5 boggarts
  13 ogres
  16 centaurs
  7 kobold brigands
  16 small abominations
  7 bullfrogs
  2 gnoll sergeants
  3 scorpions
  A glowing shapeshifter simulacrum (Vaults:1)
  A two-headed ogre simulacrum (D:12)
  4 killer bees (D:10)
  An elephant simulacrum (D:12)
  2 electric eels
  3 howler monkeys
  2 jellies (D:5)
  35 orc priests
  Crazy Yiuf (D:7)
  3 hounds
  A gnoll bouda (D:6)
  2 iguanas
  A sleepcap (D:6)
  Natasha (twice) (D:2)
  7 hell rats (Lair:4)
  35 orc wizards
  A sickly merfolk siren (Sewer)
  2 spriggan simulacra (D:12)
  2 troll simulacra (D:12)
  A malarious merfolk avatar (Sewer)
  Robin (D:2)
  10 gnolls
  A naga simulacrum (D:12)
  5 adders
  A river rat (Sewer)
  2 shadow imps
  4 white imps
  2 ufetubi (D:4)
  3 dart slugs (D:1)
  79 orcs
  7 bats
  10 endoplasms
  4 giant cockroaches
  9 goblins
  11 hobgoblins
  17 quokkas
  13 ball pythons
  11 frilled lizards
  16 kobolds
  24 rats
1206 creatures vanquished.

Vanquished Creatures (collateral kills)
  A water elemental (D:11)
  A nameless horror (D:11)
2 creatures vanquished.

Vanquished Creatures (others)
  28 foxfires
  61 fungi
  97 plants
186 creatures vanquished.

Grand Total: 1394 creatures vanquished

Notes
Turn   | Place    | Note
-------+----------+-------------------------------------------
     0 | D:1      | Flugkiller the Felid Venom Mage began the quest for the
                  | Orb.
     0 | D:1      | Reached XP level 1. HP: 7/7 MP: 4/4
   217 | D:1      | Reached XP level 2. HP: 11/11 MP: 4/6
   365 | D:1      | Found Ekopikaz's Antique Weapon Boutique.
   387 | D:1      | Learned a level 2 spell: Poisonous Vapours
   668 | D:1      | Reached XP level 3. HP: 14/14 MP: 3/7
   814 | D:1      | Reached skill level 1 in Air Magic
  1347 | D:2      | Noticed Robin
  1395 | D:2      | Killed Robin
  1460 | D:2      | Reached XP level 4. HP: 18/18 MP: 3/8
  1464 | D:2      | Learned a level 3 spell: Mephitic Cloud
  1932 | D:2      | Noticed Sigmund
  2065 | D:3      | Found a glowing drain.
  2139 | Sewer    | Entered a sewer
  2267 | Sewer    | Reached skill level 1 in Fighting
  2338 | Sewer    | Reached XP level 5. HP: 22/22 MP: 1/9
  4204 | D:4      | Gained mutation: You are covered in thick fur. (AC +2)
                  | [Felid growth]
  4204 | D:4      | Reached XP level 6. HP: 24/25 MP: 4/11
  4466 | D:4      | Reached skill level 1 in Evocations
  4694 | D:4      | Noticed Grinder
  4772 | D:4      | Noticed Eustachio
  4855 | D:4      | Killed Grinder
  4856 | D:4      | Reached skill level 5 in Poison Magic
  4903 | D:4      | Reached XP level 7. HP: 28/28 MP: 11/13
  4973 | D:4      | Found a radiant altar of Vehumet.
  4975 | D:4      | Found a glowing silver altar of Zin.
  4982 | D:4      | Found an ornate altar of the Wu Jian Council.
  4984 | D:4      | Found a hazy altar of Hepliaklqana.
  4993 | D:4      | Found a broken altar of Ashenzari.
  5009 | D:4      | Became a worshipper of Ashenzari the Shackled
  5253 | D:5      | Entered Level 5 of the Dungeon
  5410 | D:5      | Slain by an ogre
  5411 | D:5      | Reached XP level 6. HP: 0/25 MP: 12/12
  5453 | D:5      | Found a runed translucent gate.
  5453 | D:5      | Noticed a redback
  5454 | D:5      | Found the +9 staff of Olgreb {rPois∞}
  5458 | D:5      | Found a runed translucent door.
  5514 | D:5      | Found a runed translucent door.
  5521 | D:5      | Noticed a water moccasin
  5521 | D:5      | Noticed a water moccasin
  5521 | D:5      | Noticed a redback
  5521 | D:5      | Noticed a water moccasin
  5522 | D:5      | Found a runed translucent gate.
  5522 | D:5      | Found a runed translucent gate.
  5522 | D:5      | Noticed a water moccasin
  5692 | D:5      | Noticed a water moccasin
  5890 | D:5      | Reached XP level 7. HP: 28/28 MP: 5/14
  5939 | D:5      | Reached * piety under Ashenzari
  5939 | D:5      | Identified a scroll of acquirement
  5939 | D:5      | Reached ** piety under Ashenzari
  5945 | D:5      | Learned a level 4 spell: Olgreb's Toxic Radiance
  5997 | D:5      | Found Aghoch's Assorted Antiques.
  6002 | D:5      | Bought a scroll labelled VEEPNA DEFIHA for 24 gold pieces
  6002 | D:5      | Bought a scroll of brand weapon for 228 gold pieces
  6002 | D:5      | Bought a red potion for 21 gold pieces
  6341 | D:5      | Killed from afar by an orc priest
  6342 | D:5      | Reached XP level 6. HP: -1/25 MP: 10/13
  6691 | D:4      | Killed Eustachio
  6692 | D:4      | Reached skill level 1 in Conjurations
  6840 | D:2      | Killed Sigmund
  6841 | D:2      | Reached XP level 7. HP: 29/29 MP: 5/14
  7118 | D:2      | Noticed Natasha
  7124 | D:2      | Killed Natasha
  7399 | D:2      | Noticed Natasha
  7404 | D:2      | Killed Natasha
  7405 | D:2      | Reached skill level 5 in Dodging
  8169 | D:5      | Found Aghoch's Assorted Antiques.
  8855 | D:5      | Found Aghoch's Assorted Antiques.
  9355 | D:6      | Found Neal's Lightly-Used Armoury.
  9619 | D:6      | Noticed Prince Ribbit
  9635 | D:6      | Killed Prince Ribbit
  9698 | D:6      | Reached *** piety under Ashenzari
  9698 | D:6      | Reached **** piety under Ashenzari
  9826 | D:6      | Reached XP level 8. HP: 34/34 MP: 5/16
 10012 | D:6      | Reached skill level 5 in Spellcasting
 10236 | D:6      | Found Maibiun's Distillery.
 10889 | D:7      | Found Wamafouw's Weapon Boutique.
 11243 | D:7      | Found Suss's Book Shoppe.
 11463 | D:7      | Found a runed translucent door.
 11464 | D:7      | Noticed Crazy Yiuf
 11481 | D:7      | Killed Crazy Yiuf
 11533 | D:7      | Found Fiant's Magic Scroll Emporium.
 11654 | D:7      | Found a staircase to the Ecumenical Temple.
 11761 | D:7      | Acquired Wecickum's Handbook of Black Arts and the
                  | Discharge
 12075 | D:8      | Reached ***** piety under Ashenzari
 12075 | D:8      | Reached ****** piety under Ashenzari
 12174 | D:8      | Noticed a troll
 12199 | D:8      | Killed a troll
 12455 | D:8      | Reached XP level 9. HP: 37/37 MP: 17/19
 12494 | D:8      | Found an opulent altar of Gozag.
 12501 | D:8      | Found a glowing golden altar of the Shining One.
 12801 | D:8      | Found a stormy altar of Qazlal.
 12801 | D:8      | Identified the +1 robe of Articulation {rC- Will+ Regen+
                  | rCorr}
 13466 | D:9      | Reached skill level 5 in Transmutations
 13471 | D:9      | Noticed Gastronok
 13498 | D:9      | Noticed Harold
 13603 | D:9      | Noticed a two-headed ogre
 13782 | D:9      | Killed Harold
 13841 | D:9      | Killed a two-headed ogre
 13842 | D:9      | Reached skill level 5 in Air Magic
 13842 | D:9      | Reached XP level 10. HP: 42/42 MP: 20/22
 13914 | D:9      | Learned a level 4 spell: Summon Lightning Spire
 13920 | D:9      | Learned a level 5 spell: Freezing Cloud
 14047 | D:9      | Reached skill level 1 in Ice Magic
 14283 | D:10     | Entered Level 10 of the Dungeon
 14319 | D:10     | Found a sparkling altar of Nemelex Xobeh.
 14321 | D:10     | Found a runed translucent gate.
 14321 | D:10     | Found a runed translucent gate.
 14321 | D:10     | Found a runed translucent gate.
 14326 | D:10     | Noticed ywein's ghost (journeyman DjCj)
 14326 | D:10     | Noticed Mesmaeker13's ghost (journeyman OpTm)
 14591 | D:10     | Noticed a cyclops
 14592 | D:10     | Hit by a large rock thrown by a cyclops
 14593 | D:10     | Reached XP level 9. HP: -3/37 MP: 19/22
 14770 | D:10     | Killed a cyclops
 14878 | D:10     | Identified the +3 battleaxe "Nawaywem" {venom, rElec Str+3}
 15246 | D:11     | Noticed a nameless horror
 15265 | D:11     | Killed a nameless horror
 15286 | D:11     | Found a staircase to the Lair.
 15286 | D:11     | Noticed an elephant
 15286 | D:11     | Noticed an unseen horror
 15293 | D:11     | Noticed a troll
 15320 | D:11     | Noticed a troll
 15338 | D:11     | Killed a troll
 15339 | D:11     | Reached XP level 10. HP: 42/42 MP: 13/23
 15411 | D:11     | Found an ancient bone altar of Kikubaaqudgha.
 15631 | D:11     | Killed an elephant
 16150 | Lair:1   | Entered Level 1 of the Lair of Beasts
 16185 | Lair:1   | Noticed a cane toad
 16196 | Lair:1   | Killed a cane toad
 16454 | Lair:1   | Noticed a black mamba
 16458 | Lair:1   | Killed a black mamba
 16502 | Lair:1   | Noticed a cane toad
 16511 | Lair:1   | Killed a cane toad
 16617 | Lair:1   | Found a transporter.
 16642 | Lair:1   | Identified the +0 ring mail "Zouhod" {Harm rF+}
 16678 | Lair:1   | Reached XP level 11. HP: 45/45 MP: 9/24
 16838 | Lair:1   | Found a transporter.
 17061 | Lair:2   | Found a staircase to the Snake Pit.
 17602 | Lair:2   | Reached skill level 5 in Evocations
 17894 | Lair:2   | Reached skill level 5 in Fighting
 18259 | Lair:2   | Gained mutation: Your spells are a little easier to cast,
                  | but a little less powerful. [potion of mutation]
 18259 | Lair:2   | Gained mutation: Your flesh is heat resistant. (rF+)
                  | [potion of mutation]
 18259 | Lair:2   | Gained mutation: You expend magic power (3 MP) to
                  | strengthen your wands. [potion of mutation]
 18643 | Lair:3   | Noticed an eight-headed hydra
 18659 | Lair:3   | Killed an eight-headed hydra
 19127 | Lair:3   | Gained mutation: Your thick and shaggy fur keeps you warm.
                  | (AC +3, rC+) [Felid growth]
 19127 | Lair:3   | Reached XP level 12. HP: 52/52 MP: 12/25
 19225 | Lair:3   | Found a staircase to the Swamp.
 19613 | Lair:4   | Noticed a seven-headed hydra
 19625 | Lair:4   | Killed a seven-headed hydra
 19828 | Lair:4   | Reached skill level 10 in Transmutations
 20595 | Lair:4   | Noticed a catoblepas
 20634 | Lair:4   | Killed a catoblepas
 20708 | Lair:4   | Reached skill level 10 in Air Magic
 20777 | Lair:4   | Learned a level 7 spell: Storm Form
 21046 | Lair:5   | Entered Level 5 of the Lair of Beasts
 21067 | Lair:5   | Noticed an eight-headed hydra
 21198 | Lair:5   | Killed an eight-headed hydra
 21372 | Lair:5   | Noticed a five-headed hydra
 21383 | Lair:5   | Killed a five-headed hydra
 21550 | Lair:5   | Reached XP level 13. HP: 45/57 MP: 16/26
 22014 | Lair:5   | Reached skill level 10 in Dodging
 22183 | Lair:5   | Found a viscous altar of Jiyva.
 22183 | Lair:5   | Found a staircase to the Slime Pits.
 23853 | Lair:5   | Found a corrupted altar of Lugonu.
 23853 | Lair:5   | Found a one-way gate to the infinite horrors of the Abyss.
 24264 | D:12     | Found a frozen archway.
 24398 | D:12     | Found a staircase to the Orcish Mines.
 24963 | D:12     | Noticed Fannar
 24983 | D:12     | Killed Fannar
 25443 | D:12     | Learned a level 5 spell: Plasma Beam
 25543 | D:12     | Reached skill level 1 in Unarmed Combat
 25872 | D:13     | Reached skill level 1 in Fire Magic
 25873 | D:13     | Reached XP level 14. HP: 58/64 MP: 8/28
 25960 | D:13     | Found a gate leading to a gauntlet.
 25967 | Gauntlet | Entered a Gauntlet
 25967 | Gauntlet | Found a transporter.
 25967 | Gauntlet | Found a transporter.
 25967 | Gauntlet | Found a transporter.
 25981 | Gauntlet | Found a transporter.
 25983 | Gauntlet | Found a transporter.
 25991 | Gauntlet | Found a transporter.
 25994 | Gauntlet | Found a transporter.
 26002 | Gauntlet | Found a transporter.
 26018 | Gauntlet | Identified the ring of Pride {Fly rC++}
 26020 | Gauntlet | Found a transporter.
 26026 | Gauntlet | Found a transporter.
 26028 | Gauntlet | Found a transporter.
 26030 | Gauntlet | Found a runed translucent gate.
 26030 | Gauntlet | Found a runed translucent gate.
 26031 | Gauntlet | Found a large runed translucent door.
 26031 | Gauntlet | Found a large runed translucent door.
 26032 | Gauntlet | Found a large runed translucent door.
 26033 | Gauntlet | Found a large runed translucent door.
 26034 | Gauntlet | Found a large runed translucent door.
 26034 | Gauntlet | Found a large runed translucent door.
 26034 | Gauntlet | Found a runed translucent door.
 26035 | Gauntlet | Found a large runed translucent door.
 26036 | Gauntlet | Found a large runed translucent door.
 26038 | Gauntlet | Found a transporter.
 26039 | Gauntlet | Found a runed translucent gate.
 26039 | Gauntlet | Found a runed translucent door.
 26077 | Gauntlet | Found a large runed translucent door.
 26077 | Gauntlet | Found a large runed translucent door.
 26078 | Gauntlet | Found a large runed translucent door.
 26079 | Gauntlet | Found a large runed translucent door.
 26080 | Gauntlet | Found a large runed translucent door.
 26080 | Gauntlet | Found a large runed translucent door.
 26081 | Gauntlet | Found a large runed translucent door.
 26082 | Gauntlet | Found a large runed translucent door.
 26359 | Gauntlet | Reached skill level 2 in Unarmed Combat
 26817 | D:13     | Noticed Maurice
 26822 | D:13     | Killed Maurice
 26823 | D:13     | Reached skill level 3 in Unarmed Combat
 26882 | D:13     | Found a radiant altar of Vehumet.
 28292 | D:14     | Reached skill level 4 in Unarmed Combat
 28329 | D:14     | Reached skill level 5 in Unarmed Combat
 28545 | D:14     | Noticed an orc warlord
 28624 | D:14     | Killed an orc warlord
 28625 | D:14     | Reached skill level 6 in Unarmed Combat
 29643 | D:14     | Found a gate to the Vaults.
 29740 | D:15     | Entered Level 15 of the Dungeon
 30394 | D:15     | Reached skill level 7 in Unarmed Combat
 30496 | D:15     | Reached XP level 15. HP: 53/69 MP: 23/29
 30557 | D:15     | Found an ornate altar of the Wu Jian Council.
 31039 | D:15     | Found a staircase to the Depths.
 31140 | D:15     | Noticed Nessos
 31142 | D:15     | Nessos changed into Nessos the dream sheep
 31142 | D:15     | Noticed Nessos
 31147 | D:15     | Killed Nessos the dream sheep
 31311 | Orc:1    | Entered Level 1 of the Orcish Mines
 31313 | Orc:1    | Noticed Urug
 31320 | Orc:1    | Killed Urug
 31383 | Orc:1    | Found Hinn's Antique Armour Shoppe.
 31896 | Orc:2    | Entered Level 2 of the Orcish Mines
 32397 | Orc:2    | Reached skill level 10 in Fighting
 32579 | Orc:2    | Found a staircase to the Elven Halls.
 33257 | Orc:2    | Reached skill level 10 in Spellcasting
 33466 | Orc:2    | Found Koevururr's Armour Emporium.
 33466 | Orc:2    | Found Olesti Koso's Antique Armour Emporium.
 33467 | Orc:2    | Found Qunu's Armour Shoppe.
 33471 | Orc:2    | Found Beis Wom's Antique Armour Shoppe.
 33542 | Orc:2    | Learned a level 4 spell: Manifold Assault
 33542 | Orc:2    | Lost mutation: Your flesh is heat resistant. (rF+) [potion
                  | of mutation]
 33542 | Orc:2    | Lost mutation: Your spells are a little easier to cast, but
                  | a little less powerful. [potion of mutation]
 33542 | Orc:2    | Lost mutation: You expend magic power (3 MP) to strengthen
                  | your wands. [potion of mutation]
 33542 | Orc:2    | Gained mutation: You expend magic power (3 MP) to
                  | strengthen your wands. [potion of mutation]
 33542 | Orc:2    | Gained mutation: You passively map a small area around you.
                  | [potion of mutation]
 33542 | Orc:2    | Gained mutation: You possess an exceptional clarity of
                  | mind. [potion of mutation]
 33831 | D:9      | Killed Gastronok
 33832 | D:9      | Reached skill level 1 in Translocations
 34137 | Snake:1  | Entered Level 1 of the Snake Pit
 34353 | Snake:1  | Found Mothalop's Armour Shop.
 34507 | Snake:1  | Reached skill level 8 in Unarmed Combat
 34548 | Snake:1  | Acquired Sif Muna's Notes on Malevolent Ceremonies and
                  | Flesh
 35462 | Snake:2  | Noticed Frances
 35469 | Snake:2  | Killed Frances
 35638 | Snake:2  | Noticed Saint Roka
 36137 | Snake:2  | Reached skill level 9 in Unarmed Combat
 37554 | Snake:3  | Noticed Agnes
 37568 | Snake:2  | HP: 3/71 [Agnes/+1 lajatang of speed (21)]
 37569 | Snake:2  | Killed Agnes
 38214 | Snake:3  | Reached XP level 16. HP: 75/75 MP: 32/32
 38643 | Snake:3  | Reached skill level 10 in Unarmed Combat
 38732 | Snake:3  | Learned a level 5 spell: Irradiate
 38962 | Snake:4  | Entered Level 4 of the Snake Pit
 39297 | Snake:4  | Identified Roxanne's Teachings on Alteration
 39297 | Snake:4  | Noticed Roxanne
 39840 | Snake:4  | Noticed Vashnia
 40099 | Snake:4  | Gained mutation: Your body sometimes deteriorates upon
                  | taking damage. [mutagenic glow]
 40101 | Snake:4  | Killed Vashnia
 40798 | Snake:3  | Lost mutation: You possess an exceptional clarity of mind.
                  | [potion of mutation]
 40798 | Snake:3  | Lost mutation: You passively map a small area around you.
                  | [potion of mutation]
 40798 | Snake:3  | Gained mutation: You have a pair of small horns on your
                  | head. [potion of mutation]
 40798 | Snake:3  | Lost mutation: Your body sometimes deteriorates upon taking
                  | damage. [potion of mutation]
 40798 | Snake:3  | Gained mutation: You do not regenerate when monsters are
                  | visible. [potion of mutation]
 40799 | Snake:3  | Lost mutation: You do not regenerate when monsters are
                  | visible. [potion of mutation]
 40799 | Snake:3  | Lost mutation: You have a pair of small horns on your head.
                  | [potion of mutation]
 40799 | Snake:3  | Gained mutation: Your magical capacity is low. (-10% MP)
                  | [potion of mutation]
 40799 | Snake:3  | Gained mutation: You are clumsy. (Dex -2) [potion of
                  | mutation]
 40799 | Snake:3  | Gained mutation: You are resistant to electric shocks.
                  | (rElec) [potion of mutation]
 41631 | Snake:4  | Noticed Aizul
 41672 | Snake:4  | Killed Aizul
 41708 | Snake:4  | Killed Roxanne
 42398 | Snake:4  | Reached skill level 11 in Unarmed Combat
 42684 | Snake:4  | Got a serpentine rune of Zot
 42863 | Swamp:1  | Entered Level 1 of the Swamp
 43224 | Swamp:1  | Reached XP level 17. HP: 81/81 MP: 20/29
 44181 | Swamp:2  | Gained mutation: You are frail. (-10% HP) [mutagenic glow]
 44447 | Swamp:2  | Lost mutation: You are clumsy. (Dex -2) [potion of
                  | mutation]
 44447 | Swamp:2  | Lost mutation: You are resistant to electric shocks.
                  | (rElec) [potion of mutation]
 44447 | Swamp:2  | Gained mutation: You occasionally shout uncontrollably at
                  | your foes. [potion of mutation]
 44447 | Swamp:2  | Gained mutation: Your spells are a little harder to cast,
                  | but a little more powerful. [potion of mutation]
 44447 | Swamp:2  | Gained mutation: Your muscles are strong. (Str +4, Int/Dex
                  | -1) [potion of mutation]
 44448 | Swamp:2  | Lost mutation: Your magical capacity is low. (-10% MP)
                  | [potion of mutation]
 44448 | Swamp:2  | Lost mutation: Your spells are a little harder to cast, but
                  | a little more powerful. [potion of mutation]
 44448 | Swamp:2  | Lost mutation: Your muscles are strong. (Str +4, Int/Dex
                  | -1) [potion of mutation]
 44448 | Swamp:2  | Gained mutation: Your spells are a little harder to cast,
                  | but a little more powerful. [potion of mutation]
 44448 | Swamp:2  | Gained mutation: You occasionally lose the ability to read
                  | scrolls when taking damage. [potion of mutation]
 44676 | D:5      | Bought a potion of mutation for 192 gold pieces
 44676 | D:5      | Lost mutation: You occasionally shout uncontrollably at
                  | your foes. [potion of mutation]
 44676 | D:5      | Lost mutation: Your spells are a little harder to cast, but
                  | a little more powerful. [potion of mutation]
 44676 | D:5      | Gained mutation: You are partially covered in iridescent
                  | scales. (AC +2) [potion of mutation]
 45475 | Swamp:3  | Gained mutation: You are vulnerable to heat. (rF-)
                  | [mutagenic glow]
 45589 | Swamp:3  | Killed from afar by a will-o-the-wisp
 45590 | Swamp:3  | Reached XP level 16. HP: -3/70 MP: 25/32
 45618 | Swamp:3  | Reached skill level 12 in Unarmed Combat
 46094 | Swamp:4  | Entered Level 4 of the Swamp
 46107 | Swamp:4  | Noticed Mlioglotl
 46113 | Swamp:4  | Noticed an Executioner
 46150 | Swamp:3  | Killed Mlioglotl
 46340 | Swamp:4  | Noticed Mara
 46364 | Swamp:4  | Killed Mara
 46599 | Swamp:4  | Noticed a thorn hunter
 46606 | Swamp:4  | Killed a thorn hunter
 46607 | Swamp:4  | Reached skill level 13 in Unarmed Combat
 46678 | Swamp:4  | Identified the +1 giant spiked club "Grim Tooth" {heavy,
                  | Fragile Int+6 Dex+4}
 46861 | Swamp:4  | Noticed a thorn hunter
 46870 | Swamp:4  | Noticed the 27-headed Lernaean hydra
 46881 | Swamp:4  | Killed the 27-headed Lernaean hydra
 46884 | Swamp:4  | Killed a thorn hunter
 46885 | Swamp:4  | Reached skill level 14 in Unarmed Combat
 47238 | Swamp:4  | Reached XP level 17. HP: 65/74 MP: 33/33
 47299 | Swamp:4  | Got a decaying rune of Zot
 47592 | Elf:1    | Entered Level 1 of the Elven Halls
 47683 | Elf:1    | Paralysed by an air elemental for 1 turns
 47685 | Elf:1    | Reached skill level 15 in Unarmed Combat
 47762 | Elf:1    | Found Osicuudgh's Antique Weapon Emporium.
 47764 | Elf:1    | Found Ejalou's Distillery.
 47764 | Elf:1    | Found Vonom's Armour Shoppe.
 47771 | Elf:1    | Found Fyn Ruw's Weapon Shoppe.
 47799 | Elf:1    | Bought a potion of mutation for 112 gold pieces
 47799 | Elf:1    | Bought a potion of heal wounds for 70 gold pieces
 47799 | Elf:1    | Lost mutation: You are frail. (-10% HP) [potion of
                  | mutation]
 47799 | Elf:1    | Lost mutation: You occasionally lose the ability to read
                  | scrolls when taking damage. [potion of mutation]
 47799 | Elf:1    | Gained mutation: You are frail. (-10% HP) [potion of
                  | mutation]
 47799 | Elf:1    | Gained mutation: You passively map a small area around you.
                  | [potion of mutation]
 47801 | Elf:1    | Lost mutation: You are vulnerable to heat. (rF-) [potion of
                  | mutation]
 47801 | Elf:1    | Lost mutation: You are partially covered in iridescent
                  | scales. (AC +2) [potion of mutation]
 47801 | Elf:1    | Lost mutation: You expend magic power (3 MP) to strengthen
                  | your wands. [potion of mutation]
 47801 | Elf:1    | Gained mutation: You occasionally lose the ability to read
                  | scrolls when taking damage. [potion of mutation]
 47801 | Elf:1    | Gained mutation: You are somewhat resistant to further
                  | mutation. [potion of mutation]
 47801 | Elf:1    | Gained mutation: Your muscles are strong. (Str +4, Int/Dex
                  | -1) [potion of mutation]
 47802 | Elf:1    | Lost mutation: You are frail. (-10% HP) [potion of
                  | mutation]
 47802 | Elf:1    | Lost mutation: You passively map a small area around you.
                  | [potion of mutation]
 47802 | Elf:1    | Lost mutation: You are somewhat resistant to further
                  | mutation. [potion of mutation]
 47802 | Elf:1    | Gained mutation: You are dopey. (Int -2) [potion of
                  | mutation]
 47987 | Elf:1    | Found Ybyujek's Weapon Shop.
 48570 | Elf:2    | Found a runed translucent gate.
 48570 | Elf:2    | Found a runed translucent gate.
 48570 | Elf:2    | Found a runed translucent gate.
 48935 | Elf:2    | Acquired the amulet "Vetubol" {Regen+ Dex+3 SInv}
 48986 | Elf:3    | Entered Level 3 of the Elven Halls
 49072 | Elf:3    | Noticed Zenata
 49083 | Elf:3    | Noticed a deep elf master archer
 49083 | Elf:3    | Identified the staff of fire "Leux" {rElec rF+ Str-2 Int+8}
 49083 | Elf:3    | Identified the +1 ring mail of the Present {Str+2 Dex+3
                  | Stlth+}
 49083 | Elf:3    | Identified the Lessons on the Brumal Tincture
 49090 | Elf:3    | Reached skill level 5 in Translocations
 49101 | Elf:3    | Killed a deep elf master archer
 49319 | Elf:3    | Noticed a deep elf blademaster
 49319 | Elf:3    | Identified the +12 halberd of Gatosum {venom, Dex+4}
 49332 | Elf:3    | Killed a deep elf blademaster
 49462 | Elf:3    | Noticed a Tzitzimitl
 49881 | Elf:3    | Noticed a Tzitzimitl
 49913 | Elf:3    | Noticed an Ice Fiend
 50102 | Elf:3    | Identified the +6 chain mail of Ycwocod {rF++}
 50107 | Elf:3    | Noticed a deep elf master archer
 50109 | Elf:3    | Noticed a deep elf blademaster
 50129 | Elf:3    | Killed a deep elf blademaster
 50130 | Elf:3    | Reached skill level 16 in Unarmed Combat
 50131 | Elf:3    | Killed a deep elf master archer
 50167 | Elf:3    | Identified the +3 short sword "Acifur" {heavy, rC+}
 50168 | Elf:3    | Identified the +0 helmet of Benevolence {Drain Will- Int+3
                  | Dex+8}
 50169 | Elf:3    | Identified the +5 sling "Towkeito" {drain, Fragile rPois
                  | Str+5 Int-2}
 50169 | Elf:3    | Identified the +4 morningstar "Jaesomni" {holy, rN+ Dex+3
                  | SInv}
 50316 | Elf:3    | Noticed Louise
 50331 | Elf:3    | Killed Louise
 50508 | Elf:3    | Demolished by Zenata
 50509 | Elf:3    | Reached XP level 16. HP: -16/80 MP: 18/32
 50511 | Elf:3    | Killed Zenata
 50990 | Vaults:1 | Entered Level 1 of the Vaults
 51366 | Vaults:1 | Found Weem's Antique Weapon Shop.
 51389 | Vaults:1 | Reached XP level 17. HP: 84/84 MP: 25/33
 52341 | Vaults:1 | Reached skill level 15 in Fighting
 52402 | Vaults:1 | Reached skill level 17 in Unarmed Combat
 53111 | Vaults:1 | Acquired the Quarto of the White Cumulonimbus
 53289 | Vaults:2 | Reached skill level 15 in Dodging
 54142 | Vaults:2 | Noticed Nikola
 54154 | Vaults:2 | Killed Nikola
 54401 | Vaults:2 | Reached XP level 18. HP: 68/90 MP: 26/34
 54405 | Vaults:2 | Reached skill level 18 in Unarmed Combat
 54552 | Vaults:2 | HP: 1/90 [tengu reaver/glowing glaive (19)]
 54553 | Vaults:2 | Quit the game

Illustrated notes

Levels and vault maps discovered:
D:1:      dpeg_arrival_shrine, layout_loops_ring, serial_shops, shop,
          grunt_decor_one_mirror
D:2:      layout_basic, uniq_sigmund, uniq_robin, uniq_natasha
D:3:      minmay_wonky_spiral, layout_basic, portal_sewer_entry_f
D:4:      layout_basic, minmay_overflow_temple_star_hex, uniq_eustachio,
          uniq_grinder
D:5:      layout_loops_cross, serial_shops, shop, corexii_corridor_pit,
          minmay_misc_feat_plants, minmay_guarded_unrand_staff_of_olgreb
D:6:      layout_basic, minmay_shop_damaged, minmay_shop_grid_forest,
          uniq_prince_ribbit1
D:7:      layout_loops_ring, minmay_temple_entry_tees, serial_shops, shop, shop,
          nicolae_shop_stone, uniq_crazy_yiuf_cottage
D:8:      layout_cave_pods, mainiacjoe_overflow_catwalk, minitemple,
          chequers_serial_rivers_large_b, minmay_stone_trees_large
D:9:      layout_roguey, uniq_gastronok, uniq_harold
D:10:     layout_gridville, overflow_temple_1_default, gammafunk_ghost_cemetery
D:11:     statuecave_lemuel, layout_cave_pods, david_lair_generic,
          nicolae_kikubaaqudgha_miasma_corner
D:12:     layout_roguey, kennysheep_orc_monster_closet_entryway,
          portal_ice_cave_entry_ice_simulacra, serial_bayou_crossing,
          uniq_fannar
D:13:     layout_layer_cave, gauntlet_entry_generic, vehumet_altar_wand_db,
          uniq_maurice
D:14:     orc_temple, layout_small_grid, david_vaults_1,
          hangedman_decor_opposing
D:15:     grunt_enter_depths_hoard, layout_loops_ring,
          nzn_wu_jian_contemplation, uniq_nessos
Lair:1:   gammafunk_cloud_chamber, layout_chaotic_city,
          nicolae_quartered_pool_impasse, lemuel_fruit_tree
Lair:2:   layout_regular_city, minmay_snake_entry_spellcaster
Lair:3:   layout_regular_city, minmay_swamp_entry_worms, grunt_megastairs_1
Lair:4:   layout_regular_city, serial_bayou_lagoon_a, serial_bayou_shore_a
Lair:5:   hellmonk_lair_end_abyssal_woods, layout_regular_city, slime_entry_1,
          grunt_megastairs_2
Swamp:1:  layout_falls_marsh, evilmike_swamp_ruin_rubble_1
Swamp:2:  layout_basic_swamp, evilmike_swamp_ruin_house_3, swamp_pool1,
          nicolae_swamp_wisp_ring_woods
Swamp:3:  layout_basic_swamp, evilmike_swamp_ruin_wall
Swamp:4:  swamp_old_school, layout_basic_swamp, infiniplex_staircase_pool,
          uniq_mara, uniq_mlioglotl
Snake:1:  layout_misc_corridors, serial_shops, shop
Snake:2:  layout_chambers, uniq_frances, uniq_saint_roka
Snake:3:  layout_misc_corridors, grunt_ministairs_15,
          nicolae_elevator_lobby_plus, uniq_agnes
Snake:4:  snake_pit, layout_cave_town, uniq_aizul, uniq_vashnia, uniq_roxanne
Orc:1:    layout_diamond_mine, serial_shops,
          nicolae_shop_temple_entry_statues_fountains, uniq_urug
Orc:2:    st_orc_mages, layout_caves, minmay_orc_temple_c
Elf:1:    eino_elf_arrival_the_gate, layout_geoelf_octagon, serial_shops,
          nicolae_shop_temple_entry_statues_fountains, hangedman_elf_disciples,
          minmay_shoptagon
Elf:2:    nicolae_elf_blades_splatter_lattice
          [nicolae_blade_entry_hurt_lockers], layout_loops_cross
Elf:3:    elf_hall_gauntlet_narrow, layout_geoelf_grid, minmay_strange_pillars,
          uniq_zenata, uniq_louise
Vaults:1: st_more_cells, dpeg_vaults_monster_row, hangedman_vaults_pinch,
          v_rooms_2, ontoclasm_vaults_eye, vaults_room_pool,
          nicolae_vaults_inception_scallops,
          vaults_standard_mumra_enter_the_diamond, ontoclasm_vaults_chip,
          layout_vaults_omnigrid, serial_shops, nicolae_shop_overgrown_old_shop
Vaults:2: vaults_dpeg_diagonal, v_misc_8, vaults_room_stairs_pillars,
          serial_ice_h, v_pattern_3, v_misc_25, hangedman_vaults_nails,
          vaults_dpeg_emergency_exit, grunt_tower_of_power,
          nicolae_vaults_inception_corners, vaults_mumra_hex,
          nicolae_vaults_network_square, ontoclasm_vaults_ligature,
          nicolae_vaults_little_ls, hangedman_vaults_variations,
          vaults_room_pools, layout_vaults_omnibox, uniq_nikola

Skill      XL: |  1  2  3  4  5  6  7  8  9 10 11 12 13 14 15 16 17 18 |
---------------+-------------------------------------------------------+-----
Stealth        | 3 4 |  4.0
Poison Magic   | 3 4 6 |  6.4
Air Magic      | 1 2 6 9 10 11 12 13 | 13.4
Dodging        | 3 4 5 6 8 9 11 14 15 | 15.6
Fighting       | 1 2 3 6 9 11 14 15 | 15.7
Spellcasting   | 3 4 6 7 8 9 11 | 11.0
Evocations     | 3 4 5 |  5.0
Conjurations   | 1 3 2 |  3.8
Transmutations | 2 3 6 9 11 12 13 14 | 14.6
Ice Magic      | 3 2 |  3.9
Unarmed Combat | 1 7 9 14 17 18 | 18.0
Fire Magic     | 1 3 |  3.8
Translocations | 3 8 |  8.3

Action                     |  1- 3 |  4- 6 |  7- 9 | 10-12 | 13-15 | 16-18 || total
---------------------------+-------+-------+-------+-------+-------+-------++-------
  Melee: Unarmed           |     5 |    10 |     7 |    14 |   458 |  1401 ||  1895
         Bite              |       |     2 |     1 |     3 |     8 |     4 ||    18
         Punch             |       |       |       |       |    15 |   117 ||   132
   Cast: Sting             |    64 |   197 |    86 |     7 |     1 |       ||   355
         Poisonous Vapours |     3 |    23 |   131 |    10 |     2 |       ||   169
         Olgreb's Toxic Ra |       |       |    45 |   160 |   347 |       ||   552
         Mephitic Cloud    |       |       |     6 |       |     5 |       ||    11
         Summon Lightning  |       |       |    11 |     3 |     1 |       ||    15
         Freezing Cloud    |       |       |       |    95 |   135 |    12 ||   242
         Plasma Beam       |       |       |       |       |    36 |     4 ||    40
         Storm Form        |       |       |       |       |    49 |   130 ||   179
         Manifold Assault  |       |       |       |       |    78 |   475 ||   553
         Irradiate         |       |       |       |       |       |    41 ||    41
 Invoke: Curse Item        |       |       |     3 |     1 |       |       ||     4
         Shatter the Chain |       |       |       |     1 |       |       ||     1
Ability: Blinkbolt         |       |       |       |       |     2 |     8 ||    10
         End Transformatio |       |       |       |       |       |     5 ||     5
  Evoke: Wand              |       |     4 |    13 |     8 |     7 |       ||    32
         Lightning rod     |       |       |       |       |     3 |       ||     3
         Tin of tremorston |       |       |       |       |     2 |     3 ||     5
         Condenser vane    |       |       |       |       |     1 |       ||     1
    Use: Scroll            |       |     5 |     3 |       |     7 |     4 ||    19
         Potion            |       |       |     1 |     1 |     7 |    11 ||    20
   Stab: Sleeping          |       |     1 |       |       |     1 |     7 ||     9
         Distracted        |       |       |       |     1 |     1 |     2 ||     4
         Confused          |       |       |       |       |       |     2 ||     2
 Armour: Skin              |     2 |    18 |     9 |    14 |    80 |   138 ||   261
  Dodge: Dodged            |    44 |   104 |    71 |   118 |   733 |  1284 ||  2354

Table legend: (Time is in decaauts)
 A = Elapsed time spent in this place.
 B = Non-inter-level travel time spent in this place.
 C = Inter-level travel time spent in this place.
 D = Time resting spent in this place.
 E = Time spent auto-exploring this place.
 F = Levels seen in this place.
 G = Mean time per level.
                   A        B        C        D        E       F      G
               +--------+--------+--------+--------+--------+-----+--------+
         Total |  48864 |  46322 |   2542 |  15755 |  19470 |  37 | 1320.6 |
       Dungeon |  19628 |  18295 |   1333 |   4513 |   9346 |  15 | 1308.5 |
          Lair |   7195 |   6767 |    428 |   2380 |   2767 |   5 | 1439.0 |
         Swamp |   4050 |   3785 |    265 |   1475 |   1487 |   4 | 1012.5 |
     Snake Pit |   8293 |   8117 |    176 |   4006 |   2266 |   4 | 2073.2 |
  Orcish Mines |   2061 |   1937 |    124 |    518 |    820 |   2 | 1030.5 |
   Elven Halls |   3010 |   2887 |    123 |    833 |   1430 |   3 | 1003.3 |
        Vaults |   3021 |   2930 |     91 |   1176 |   1114 |   2 | 1510.5 |
         Sewer |    864 |    864 |      0 |    445 |    145 |   1 |  864.0 |
      Gauntlet |    738 |    738 |      0 |    404 |     92 |   1 |  738.0 |
               +--------+--------+--------+--------+--------+-----+--------+

Top non-repeatable levels by time:
 Snake:4: 2709 daAuts
  Lair:5: 2543 daAuts
     D:5: 2408 daAuts
    D:14: 2016 daAuts
 Snake:3: 1936 daAuts
 Snake:2: 1915 daAuts
Vaults:1: 1734 daAuts
 Snake:1: 1732 daAuts
   Elf:3: 1714 daAuts
     D:2: 1663 daAuts
    D:12: 1602 daAuts
   Orc:2: 1518 daAuts
  Lair:4: 1507 daAuts
 Swamp:2: 1454 daAuts
    D:15: 1356 daAuts
